 Dungeon Crawl Stone Soup version 0.22.1-6-g1668fe2 (webtiles) character file.

74 Gingerlord the Charmwright (level 4, -11/30 HPs)
             Began as a Halfling Skald on Jan 26, 2019.
             Mangled by a gnoll
             ... wielding a +0 flail
              (12 damage)
             ... on level 3 of the Dungeon.
             The game lasted 00:04:29 (2308 turns).

Gingerlord the Charmwright (Halfling Skald)         Turns: 2308, Time: 00:04:30

Health: -11/30     AC:  3    Str: 12 (13) XL:     4   Next: 52%
Magic:  5/5        EV: 14    Int:  9 (11) God:
Gold:   77         SH:  0    Dex: 11 (13) Spells: 5/6 levels left

rFire    . . .     SeeInvis .   a - +0 spear
rCold    . . .     Gourm    .   (shield restricted)
rNeg     . . .     Faith    .   b - +0 leather armour
rPois    .         Spirit   .   (no helmet)
rElec    .         Reflect  .   (no cloak)
rCorr    .         Harm     .   (no gloves)
MR       .....                  (no boots)
Stlth    +.........             (no amulet)
HPRegen  0.10/turn              (no ring)
MPRegen  0.09/turn              (no ring)

@: hasted, very quick
A: small, low mp 1, mutation resistance 1
a: no special abilities


You were on level 3 of the Dungeon.
You were hungry.

You visited 1 branch of the dungeon, and saw 3 of its levels.

You collected 77 gold pieces.

Inventory:

Hand Weapons
 a - a +0 spear (weapon)
Armour
 b - a +0 leather armour (worn)
 h - a +0 chain mail
Wands
 o - a wand of iceblast (7)
Scrolls
 g - 2 scrolls of identify {unknown}
 k - a scroll of enchant armour {unknown}
 l - a scroll of amnesia {unknown}
 m - a scroll of remove curse {unknown}
Potions
 c - a potion of agility {unknown}
 f - 2 potions of haste
 j - 3 potions of degeneration
 n - a potion of flight {unknown}
Comestibles
 d - 7 rations


   Skills:
 + Level 2.4 Fighting
 + Level 2.5 Polearms
 + Level 2.3 Armour
 + Level 3.0 Dodging
 - Level 1.5 Spellcasting
 - Level 3.2 Charms


You had 5 spell levels left.
You knew the following spells:

 Your Spells              Type           Power        Failure   Level  Hunger
a - Infusion              Chrm           #...         12%         1    ##.....

Your spell library contained the following spells:

 Spells                   Type           Power        Failure   Level  Hunger
 Song of Slaying          Chrm           #.......     17%         2    ###....
 Shroud of Golubria       Chrm/Tloc      #.........   34%         2    ###....
 Regeneration             Chrm/Necr      #.........   56%         3    ####...
 Spectral Weapon          Hex/Chrm       #.......     56%         3    ####...


Dungeon Overview and Level Annotations

Branches:
Dungeon (3/15)

Altars:
Dithmenos
Qazlal
Trog

Annotations:
D:3 Natasha


Innate Abilities, Weirdness & Mutations

You are small and have problems with some larger weapons.
You are somewhat resistant to further mutation.
Your magical capacity is low. (-10% MP)


Message History

The hobgoblin hits you but does no damage.
It was a potion of degeneration.
There was something very wrong with that liquid.
You feel weakened.
You feel dopey.
You feel clumsy. The gnoll closely misses you.
Natasha hisses angrily.
You hit the hobgoblin.
The hobgoblin is heavily wounded.
The hobgoblin barely misses you. The gnoll barely misses you.
You hit the hobgoblin.
You kill the hobgoblin!
The gnoll hits you from afar with a spear.
* * * LOW HITPOINT WARNING * * *
Natasha mumbles some strange words.
Things that are here:
2 poisoned javelins; a hobgoblin corpse It was a potion of mutation.
You feel extremely strange.
You feel less energetic. The gnoll hits you with a flail!
You die...

### .... ..>.. #...
..... |._.###
#..############ #
....... #.........$....
.# .......
##...##.....######..##..
.#.....
.....(......gggg@r..h...
....r..
.....##.....#######.5...
....... .....##.....#
.%. .......
.....##.....# . .......
..(.%##.....# ......?
....<##.....# ..#####
.....##.....# .
...(.##.....# .....#


You could see Natasha, 4 gnolls, a shadow imp and a rat.

Vanquished Creatures
  2 gnolls
  An adder (D:2)
  A worm (D:1)
  2 ball pythons
  2 giant cockroaches
  4 goblins
  4 hobgoblins
  2 jackals (D:1)
  5 bats
  5 frilled lizards
  8 kobolds
  8 rats (D:1)
44 creatures vanquished.

Notes
Turn   | Place    | Note
-------+----------+-------------------------------------------
     0 | D:1      | Gingerlord the Halfling Skald began the quest for the Orb.
     0 | D:1      | Reached XP level 1. HP: 14/14 MP: 3/3
   134 | D:1      | Reached XP level 2. HP: 10/19 MP: 4/4
   521 | D:1      | Reached XP level 3. HP: 17/24 MP: 5/5
  1441 | D:2      | Found a stormy altar of Qazlal.
  1677 | D:1      | Reached XP level 4. HP: 15/30 MP: 6/6
  1864 | D:2      | Found a shadowy altar of Dithmenos.
  1864 | D:2      | Found a stormy altar of Qazlal.
  2283 | D:3      | Found a bloodstained altar of Trog.
  2303 | D:3      | Noticed Natasha
  2306 | D:3      | HP: 1/30 [gnoll/spear (3)]
  2308 | D:3      | Gained mutation: Your magical capacity is low. (-10% MP)
                  | [potion of mutation]
  2308 | D:3      | Mangled by a gnoll

Skill      XL: |  1  2  3  4 |
---------------+-------------+-----
Fighting       | 2 |  2.4
Polearms       | 2 |  2.5
Armour         | 2 |  2.3
Dodging        | 3 |  3.0
Spellcasting   | |  1.5
Charms         | |  3.2

Action                   |  1- 3 |  4- 6 || total
-------------------------+-------+-------++-------
Melee: Spear             |   197 |    26 ||   223
 Cast: Infusion          |       |     1 ||     1
  Use: Potion            |     2 |     5 ||     7
  Eat: Chunk             |     2 |     2 ||     4
Armor: Leather armour    |    30 |     2 ||    32
Dodge: Dodged            |   122 |    22 ||   144
